 Dungeon Sprint DCSS version 0.02-207-g49f19f9342 (webtiles) character file.

Game seed: 7752076915968138097, levelgen mode: deterministic

324 mkm the Lasher (level 6, -6/66 HPs) Minotaur Berserker. Began on Dec 3, 2020. Was a Believer of Trog. Mangled by a centaur warrior (10 damage) ... in the Dungeon (Sprint I: "Red Sonja"). The game lasted 00:01:06 (239 turns).

mkm the Lasher (Minotaur Berserker)                  Turns: 239, Time: 00:01:06

Health: -6/66      AC:  2    Str: 24    XL:     6 ^: 269
Magic:  5/5        EV: 14    Int:  4    God:    Trog [2* [65]]
Gold:   124        SH:  0    Dex:  9    Spells: 5/5 levels left

rFire    . . .     Vision   .   a - +0 whip
rCold    . . .     Gourm    .     - Unarmed
rNeg     . . .     Faith    .   b - +0 animal skin
rPois    .         Spirit   .   (helmet restricted)
rElec    .         Reflect  .   (no cloak)
rCorr    .         Harm     .   (no gloves)
MR       .....     Rnd*Rage +   (no boots) Stlth +.........NoTele +
                                (no amulet)
HPRegen  0.32/turn              (no ring)
MPRegen  0.15/turn              (no ring)

@: no status effects
A: retaliatory headbutt, horns 2
a: Berserk, Trog's Hand, Renounce Religion


You were in the Dungeon.
You worshipped Trog.
Trog was pleased with you.
You were not hungry.

You visited 1 branch You collected 124 gold pieces.

Inventory:

Weapons
 a - a +0 whip (weapon)
 k - a cursed +0 scythe of slicing {(Curse: rF-)}
Armour
 b - a +0 animal skin (worn)
Wands
 j - a wand of ensnaring (2)
Scrolls
 i - a scroll of blinking
 l - a scroll of bless item
Potions
 d - a potion of curing
 e - a potion of heal wounds
 f - a potion of haste
 g - 2 potions of magic
 h - a potion of berserk rage
Comestibles
 c - 3 rations


   Skills:
 + Level 10.2 Fighting
 + Level 10.3 Whips & Flails
 + Level 5.4 Armour
 + Level 5.4 Dodging
 + Level 2.3 Unarmed Combat


You had 5 spell levels left.
You didn't know any spells.
Your spell library was empty.

Dungeon Overview and Level Annotations

Branches:
Dungeon (1/1)

Altars:
Sif Muna
Vehumet
Wu Jian


Innate Abilities, Weirdness & Mutations

You reflexively headbutt those who attack you in melee.
You have a pair of horns on your head.
You frequently lose your temper in combat.
This godly rage surpasses even clarity. (*Rage)


Message History

The centaur warrior wields a +0 shortbow.
The centaur warrior shoots an arrow.
The arrow hits you (10)!
The centaur warrior wields a +0 longbow.
The centaur warrior shoots an arrow.
The arrow hits you (12)!
The centaur warrior unwields a +0 shortbow.
The centaur warrior hits you (11)!
The centaur warrior unwields a +0 longbow.
The centaur warrior hits you (10)! The centaur warrior hits you (8)!
* * * LOW HITPOINT WARNING * * *
You closely miss the centaur warrior. You hit the centaur warrior (1).
The centaur warrior is lightly wounded. (46/47) HP The centaur warrior closely misses you (0).
You furiously retaliate!
You headbutt the centaur warrior (4). The centaur warrior hits you (12)!
* * * LOW HITPOINT WARNING * * *
You hit the centaur warrior but do no damage. x2
The centaur warrior is healthy. (47/47) HP The centaur warrior hits you (10)!
You die...

#############
#..').#..'..#
'†.#..)[.#..+
#####+#####'#
#### #
#.####!$# #
##.#§≈§@c# #
#+#_.'§§§c§+
#
+..._#≈§§§§#
#
#_.#+##+####
##+


You could see 2 centaur warriors.

Vanquished Creatures
  Sigmund (D)
  An ogre (D)
  Ijyb (D)
  A jelly (D)
4 creatures vanquished.

Notes
Turn   | Place    | Note
-------+----------+-------------------------------------------
     0 | D        | mkm the Minotaur Berserker began the quest for the Orb.
     0 | D        | Reached XP level 1. HP: 19/19 MP: 0/0
     1 | D        | Noticed Ijyb
     6 | D        | Killed Ijyb
     6 | D        | Reached XP level 2. HP: 33/34 MP: 1/1
     6 | D        | Reached XP level 3. HP: 38/39 MP: 2/2
     6 | D        | Reached XP level 4. HP: 46/47 MP: 3/3
    12 | D        | Noticed an ogre
    16 | D        | Killed an ogre
    16 | D        | Reached skill level 1 in Unarmed Combat
    16 | D        | Reached XP level 5. HP: 56/56 MP: 4/4
    26 | D        | Noticed Sigmund
    36 | D        | Killed Sigmund
    36 | D        | Reached ** piety under Trog
    36 | D        | Received a gift from Trog
    36 | D        | Reached skill level 10 in Fighting
    36 | D        | Reached skill level 10 in Whips & Flails
    36 | D        | Reached skill level 5 in Armour
    36 | D        | Reached skill level 5 in Dodging
    36 | D        | Reached XP level 6. HP: 18/66 MP: 5/5
    56 | D        | Found a shimmering blue altar of Sif Muna.
    57 | D        | Found an ornate altar of the Wu Jian Council.
    59 | D        | Found a radiant altar of Vehumet.
   231 | D        | Noticed a centaur warrior
   231 | D        | Noticed a centaur warrior
   239 | D        | Mangled by a centaur warrior

Levels and vault maps discovered:
D:        dungeon_sprint_1 [red_sonja_temple_1, red_sonja_temple_small_1]

Skill      XL: |  1  2  3  4  5 |
---------------+----------------+-----
Fighting       | 7 8 10 | 10.2
Whips & Flails | 7 8 10 | 10.3
Armour         | 4 5 |  5.4
Dodging        | 3 4 5 |  5.4
Unarmed Combat | 1 2 |  2.3

Action                   |  1- 3 |  4- 6 || total
-------------------------+-------+-------++-------
Melee: Whip              |     4 |    16 ||    20
       Unarmed           |     4 |    16 ||    20
       Headbutt          |     2 |     3 ||     5
Dodge: Dodged            |     2 |     7 ||     9
